 Dungeon Crawl Stone Soup version 0.22.0-6-g71bd7aa6b3 (webtiles) character file.

4449 Oravi the Archer (level 10, 0/115 HPs)
             Began as a Gnoll Wanderer on Aug 15, 2018.
             Was an Initiate of Ashenzari.
             Succumbed to something's poison gas
             ... on level 9 of the Dungeon.
             The game lasted 01:00:43 (11101 turns).

Oravi the Archer (Gnoll Wanderer)                  Turns: 11101, Time: 01:00:44

Health: 0/115      AC: 25    Str: 11 (13) XL:     10   Next: 37%
Magic:  15/15      EV:  2    Int: 16 (19) God:    Ashenzari [......]
Gold:   412        SH:  5    Dex: 13 (15) Spells: 18/19 levels left

rFire    + . .     SeeInvis .   a - +2 shortbow
rCold    . . .     Gourm    .   (shield currently unavailable)
rNeg     + + +     Faith    .   (armour currently unavailable)
rPois    +         Spirit   .   (helmet currently unavailable)
rElec    .         Reflect  +   (cloak currently unavailable)
rCorr    +         Harm     .   (gloves currently unavailable)
MR       .....     NoTele   +   (boots currently unavailable)
Stlth    +++.......             m - +5 amulet of reflection (curse)
HPRegen  0.29/turn              D - ring of resist corrosion
MPRegen  0.14/turn              G - ring of protection from fire

@: lethally poisoned (0 -> -1), tree-form, hasted, very quick
A: distributed training, low mp 1, strong nose
a: Curse Item, Renounce Religion


You were on level 9 of the Dungeon.
You worshipped Ashenzari.
Ashenzari was noncommittal.
You were near starving.
You were a tree.
You visited 2 branches of the dungeon, and saw 10 of its levels.

You collected 561 gold pieces.
You spent 149 gold pieces at shops.

Inventory:

Hand Weapons
 a - a +2 shortbow (weapon)
 j - a +0 short sword
 l - a +0 hand axe
 y - a +0 blowgun
 A - a +0 whip
 J - a cursed -2 hand axe
 K - a +0 hunting sling
 Q - a +0 dagger of freezing
Missiles
 f - 140 arrows (quivered)
 h - 92 sling bullets
 o - 41 bolts
 q - 300 stones
 v - 21 tomahawks
Armour
 c - a +1 scale mail of cold resistance
 w - a +0 shield
 x - a cursed +4 ring mail (melded)
 I - a +0 pair of gloves (melded)
 O - a cursed +0 pair of boots of flying (melded)
Jewellery
 m - a cursed +5 amulet of reflection (around neck)
 D - a ring of resist corrosion (left branch)
 G - a ring of protection from fire (right branch)
 M - a +2 ring of intelligence
Wands
 E - a wand of polymorph (2)
 F - a wand of digging (15)
 N - a wand of enslavement (3)
Scrolls
 i - 2 scrolls of fear
 k - a scroll of remove curse
 n - 7 scrolls of identify
 r - a scroll of immolation
 z - 3 scrolls of fog {unknown}
 H - a scroll of magic mapping {unknown}
 L - 3 scrolls of teleportation
Potions
 p - a potion of haste
 t - 3 potions of lignification
 B - a potion of flight
Comestibles
 g - 12 rations


   Skills:
 + Level 6.9 Fighting
 + Level 5.1 Short Blades
 + Level 5.1 Long Blades
 + Level 5.1 Axes
 + Level 5.1 Maces & Flails
 + Level 5.1 Polearms
 + Level 5.1 Staves
 + Level 5.1 Slings
 + Level 9.9 Bows
 + Level 5.1 Crossbows
 + Level 5.1 Throwing
 + Level 6.9 Armour
 + Level 5.1 Dodging
 + Level 6.7 Stealth
 + Level 5.1 Shields
 + Level 5.1 Unarmed Combat
 + Level 5.1 Spellcasting
 + Level 4.2 Conjurations
 + Level 4.2 Hexes
 + Level 4.2 Charms
 + Level 4.2 Summonings
 + Level 4.2 Necromancy
 + Level 4.2 Translocations
 + Level 4.2 Transmutations
 + Level 4.2 Fire Magic
 + Level 4.2 Ice Magic
 + Level 4.2 Air Magic
 + Level 4.2 Earth Magic
 + Level 4.2 Poison Magic
 + Level 5.6 Invocations
 + Level 5.1 Evocations


You had 18 spell levels left.
You knew the following spells:

 Your Spells              Type           Power        Failure   Level  Hunger
a - Animate Skeleton      Necr           N/A          2%          1    None

Your spell library contained the following spells:

 Spells                   Type           Power        Failure   Level  Hunger
 Apportation              Tloc           ###...       2%          1    None
 Summon Small Mammal      Summ           ###.         2%          1    None
 Confusing Touch          Hex            ###...       2%          1    None


Dungeon Overview and Level Annotations

Branches:
Dungeon (9/15)             Temple (1/1) D:7            Lair (0/6) D:8
    Orc (0/2) D:9

Altars:
Ashenzari
Cheibriados
Elyvilon
Hepliaklqana
Kikubaaqudgha
Makhleb
Qazlal
Ru
Trog
Uskayaw
Vehumet
Yredelemnul

Shops:
D:8 [

Annotations:
D:4 2 transporters
D:8 Erica


Innate Abilities, Weirdness & Mutations

Your experience applies equally to all skills.
((You have very sharp teeth.))
Your uncanny sense of smell can sniff out nearby items.
Your magical capacity is low. (-10% MP)
((Your movements are slightly less encumbered by armour. (ER -2)))


Message History

Aim: a quasit (inner flame)
You shoot an arrow. The arrow barely misses the quasit.
Firing (i - inventory. (/) - cycle)
f - 143 arrows (quivered)
Press: ? - help, Shift-Dir - straight line, f/p - quasit
Aim: a quasit (inner flame)
You shoot an arrow. The arrow hits the quasit.
The quasit is heavily wounded.
The quasit bites you but does no damage.
The quasit claws you but does no damage. x2
Firing (i - inventory. (/) - cycle)
f - 142 arrows (quivered)
Press: ? - help, Shift-Dir - straight line, f/p - quasit
Aim: a quasit (heavily wounded, inner flame)
You shoot an arrow. The arrow barely misses the quasit.
Firing (i - inventory. (/) - cycle)
f - 141 arrows (quivered)
Press: ? - help, Shift-Dir - straight line, f/p - quasit
Aim: a quasit (heavily wounded, inner flame)
You shoot an arrow.
The arrow hits the quasit but does no damage.
The quasit is heavily wounded.
You die...

#.# #.# #.# #.# #.# #.# #.#
#.# #.# #.# #.# #.# ####.#
#.# #.# .....# #.#
#.####### .....# #.#
#........ .....#
#.########........ .....#
#......♣5(.(..(... .....#
#.########........ .....#
#.# #....(... .....# #.#
#........ .....# #.#
#........
.....#####.########........
........O..................
#####.#####.#########.####
#.# #.#


You could see a quasit (inner flame).

Vanquished Creatures
  4 yaks (D:8)
  2 basilisks (D:8)
  4 porcupines (D:8)
  2 black bears (D:9)
  A necrophage (D:5)
  A phantom (D:4)
  3 centaurs
  4 ogres
  2 crocodiles (D:8)
  2 big kobolds
  3 bullfrogs
  6 scorpions
  3 killer bees (D:8)
  A bullfrog zombie (D:6)
  5 crimson imps
  A centaur zombie (D:5)
  2 jellies
  6 orc priests
  A hound (D:7)
  A bullfrog skeleton (D:7)
  Jessica (D:3)
  2 centaur skeletons
  Ijyb (D:5)
  2 iguanas
  5 orc wizards
  9 worker ants
  4 gnolls (D:5)
  7 adders
  A howler monkey skeleton (D:7)
  5 shadow imps
  4 oozes
  2 adder skeletons (D:4)
  3 worms
  A dart slug (D:4)
  A leopard gecko (D:2)
  22 orcs
  6 bats
  7 giant cockroaches
  12 goblins
  11 hobgoblins
  15 jackals
  7 quokkas
  2 ball pythons
  7 frilled lizards
  A jackal skeleton (D:8)
  17 kobolds
  2 quokka skeletons
  A quokka zombie (D:5)
  14 rats
  A fungus (D:8)
227 creatures vanquished.

Vanquished Creatures (others)
  A two-headed ogre (D:9)
  An orc (D:5)
  2 fungi (D:8)
  6 plants (D:8)
10 creatures vanquished.

Grand Total: 237 creatures vanquished

Notes
Turn   | Place    | Note
-------+----------+-------------------------------------------
     0 | D:1      | Oravi the Gnoll Wanderer began the quest for the Orb.
     0 | D:1      | Oravi set off with: a +2 shortbow, 31 arrows, a potion of curing, a scroll of teleportation, a +0 robe, a +0 dagger, a ration
     0 | D:1      | Reached XP level 1. HP: 20/20 MP: 1/1
    70 | D:1      | Reached XP level 2. HP: 26/26 MP: 2/2
   299 | D:1      | Reached XP level 3. HP: 15/31 MP: 3/3
   808 | D:1      | Reached skill level 1 in Invocations
  1192 | D:2      | Reached skill level 1 in Short Blades
  1192 | D:2      | Reached skill level 1 in Long Blades
  1192 | D:2      | Reached skill level 1 in Axes
  1192 | D:2      | Reached skill level 1 in Maces & Flails
  1192 | D:2      | Reached skill level 1 in Polearms
  1192 | D:2      | Reached skill level 1 in Staves
  1192 | D:2      | Reached skill level 1 in Slings
  1192 | D:2      | Reached skill level 1 in Crossbows
  1192 | D:2      | Reached skill level 1 in Throwing
  1192 | D:2      | Reached skill level 1 in Dodging
  1192 | D:2      | Reached skill level 1 in Shields
  1192 | D:2      | Reached skill level 1 in Unarmed Combat
  1192 | D:2      | Reached skill level 1 in Spellcasting
  1192 | D:2      | Reached skill level 1 in Evocations
  1318 | D:2      | Reached XP level 4. HP: 38/38 MP: 5/5
  1650 | D:2      | Found a bloodstained altar of Trog.
  2241 | D:3      | Reached skill level 1 in Conjurations
  2241 | D:3      | Reached skill level 1 in Hexes
  2241 | D:3      | Reached skill level 1 in Charms
  2241 | D:3      | Reached skill level 1 in Summonings
  2241 | D:3      | Reached skill level 1 in Necromancy
  2241 | D:3      | Reached skill level 1 in Translocations
  2241 | D:3      | Reached skill level 1 in Transmutations
  2241 | D:3      | Reached skill level 1 in Fire Magic
  2241 | D:3      | Reached skill level 1 in Ice Magic
  2241 | D:3      | Reached skill level 1 in Air Magic
  2241 | D:3      | Reached skill level 1 in Earth Magic
  2241 | D:3      | Reached skill level 1 in Poison Magic
  2266 | D:3      | Reached XP level 5. HP: 26/43 MP: 6/6
  2427 | D:3      | Found a stormy altar of Qazlal.
  2717 | D:3      | Reached XP level 6. HP: 46/50 MP: 8/8
  2880 | D:3      | Noticed a moth of wrath
  2882 | D:3      | Found a bloodstained altar of Trog.
  3041 | D:3      | Noticed Jessica
  3047 | D:3      | Killed Jessica
  3211 | D:3      | Reached skill level 5 in Fighting
  3211 | D:3      | Reached skill level 5 in Armour
  3609 | D:4      | Found a snail-covered altar of Cheibriados.
  3690 | D:4      | Noticed a phantom
  3727 | D:4      | Killed a phantom
  3948 | D:4      | Found a transporter.
  3957 | D:4      | Found a transporter.
  3971 | D:4      | Reached XP level 7. HP: 56/56 MP: 10/10
  4488 | D:4      | Found a sacrificial altar of Ru.
  4639 | D:5      | Entered Level 5 of the Dungeon
  4719 | D:5      | Found a radiant altar of Vehumet.
  4782 | D:5      | Noticed Ijyb
  4932 | D:5      | Killed Ijyb
  4998 | D:5      | Reached skill level 9 in Bows
  4998 | D:5      | Reached skill level 5 in Stealth
  5122 | D:5      | Reached XP level 8. HP: 53/63 MP: 12/12
  5164 | D:5      | Found a radiant altar of Vehumet.
  6309 | D:6      | Found a hide-covered altar of Uskayaw.
  6340 | D:6      | Found a basalt altar of Yredelemnul.
  6674 | D:7      | Reached XP level 9. HP: 59/69 MP: 14/14
  6782 | D:7      | Found a shattered altar of Ashenzari.
  6788 | D:7      | Became a worshipper of Ashenzari the Shackled
  6834 | D:7      | Learned a level 1 spell: Animate Skeleton
  6834 | D:7      | Found a staircase to the Ecumenical Temple.
  6900 | Temple   | Entered the Ecumenical Temple
  7353 | D:7      | Found an ancient bone altar of Kikubaaqudgha.
  7358 | D:7      | Found a hazy altar of Hepliaklqana.
  7361 | D:7      | Found a white marble altar of Elyvilon.
  7364 | D:7      | Found a burning altar of Makhleb.
  8286 | D:8      | Found a staircase to the Lair.
  8502 | D:8      | Reached skill level 5 in Invocations
  8654 | D:8      | Gained mutation: Your magical capacity is low. (-10% MP) [potion of mutation]
  8654 | D:8      | Gained mutation: Your movements are slightly less encumbered by armour. (ER -2) [potion of mutation]
  8668 | D:8      | Reached XP level 10. HP: 42/77 MP: 15/15
  9592 | D:8      | Noticed Erica
  9729 | D:8      | Found Archagam's Armour Emporium.
  9736 | D:8      | Bought a +0 pair of boots of flying for 149 gold pieces
 10145 | D:9      | Reached skill level 5 in Short Blades
 10145 | D:9      | Reached skill level 5 in Long Blades
 10145 | D:9      | Reached skill level 5 in Axes
 10145 | D:9      | Reached skill level 5 in Maces & Flails
 10145 | D:9      | Reached skill level 5 in Polearms
 10145 | D:9      | Reached skill level 5 in Staves
 10145 | D:9      | Reached skill level 5 in Slings
 10145 | D:9      | Reached skill level 5 in Crossbows
 10145 | D:9      | Reached skill level 5 in Throwing
 10145 | D:9      | Reached skill level 5 in Dodging
 10145 | D:9      | Reached skill level 5 in Shields
 10145 | D:9      | Reached skill level 5 in Unarmed Combat
 10145 | D:9      | Reached skill level 5 in Spellcasting
 10145 | D:9      | Reached skill level 5 in Evocations
 10487 | D:9      | Paralysed by a hornet for 3 turns
 10494 | D:9      | Paralysed by a hornet for 1 turns
 10947 | D:9      | Noticed a two-headed ogre
 11008 | D:9      | Noticed a swamp dragon
 11008 | D:9      | a two-headed ogre changed into a swamp dragon
 11030 | D:9      | Found a staircase to the Orcish Mines.
 11036 | D:9      | Noticed a two-headed ogre
 11081 | D:9      | HP: 5/115 [poisoned by something (poison gas)]
 11087 | D:9      | HP: 3/115 [poisoned by something (poison gas)]
 11093 | D:9      | HP: 1/115 [poisoned by something (poison gas)]
 11101 | D:9      | Succumbed to something's poison gas

Skill      XL: |  1  2  3  4  5  6  7  8  9 10 |
---------------+-------------------------------+-----
Invocations    | 1 2 3 4 5 |  5.6
Short Blades   | 1 2 3 4 5 |  5.1
Long Blades    | 1 2 3 4 5 |  5.1
Axes           | 1 2 3 4 5 |  5.1
Maces & Flails | 1 2 3 4 5 |  5.1
Polearms       | 1 2 3 4 5 |  5.1
Staves         | 1 2 3 4 5 |  5.1
Slings         | 1 2 3 4 5 |  5.1
Crossbows      | 1 2 3 4 5 |  5.1
Throwing       | 1 2 3 4 5 |  5.1
Dodging        | 1 2 3 4 5 |  5.1
Shields        | 1 2 3 4 5 |  5.1
Unarmed Combat | 1 2 3 4 5 |  5.1
Spellcasting   | 1 2 3 4 5 |  5.1
Evocations     | 1 2 3 4 5 |  5.1
Conjurations   | 1 2 3 4 |  4.2
Hexes          | 1 2 3 4 |  4.2
Charms         | 1 2 3 4 |  4.2
Summonings     | 1 2 3 4 |  4.2
Necromancy     | 1 2 3 4 |  4.2
Translocations | 1 2 3 4 |  4.2
Transmutations | 1 2 3 4 |  4.2
Fire Magic     | 1 2 3 4 |  4.2
Ice Magic      | 1 2 3 4 |  4.2
Air Magic      | 1 2 3 4 |  4.2
Earth Magic    | 1 2 3 4 |  4.2
Poison Magic   | 1 2 3 4 |  4.2
Fighting       | 5 6 |  6.9
Armour         | 5 6 |  6.9
Bows           | 9 |  9.9
Stealth        | 5 6 |  6.7

Action                   |  1- 3 |  4- 6 |  7- 9 | 10-12 || total
-------------------------+-------+-------+-------+-------++-------
Melee: Dagger            |   111 |   148 |   114 |    51 ||   424
       Bite              |    12 |    20 |    20 |     2 ||    54
       Punch             |       |     3 |     3 |     3 ||     9
       Short sword       |       |       |    19 |       ||    19
 Fire: Shortbow          |    22 |   132 |   298 |   107 ||   559
       Hunting sling     |       |       |   200 |   130 ||   330
Throw: Stone             |    73 |    86 |    28 |       ||   187
Invok: Curse Item        |       |       |       |     3 ||     3
Evoke: Wand              |       |       |       |     7 ||     7
  Use: Potion            |       |     5 |     3 |     7 ||    15
       Scroll            |       |     3 |     1 |     6 ||    10
 Stab: Sleeping          |     1 |     2 |     1 |       ||     4
       Paralysed         |       |       |     1 |       ||     1
  Eat: Chunk             |     1 |     8 |    15 |     2 ||    26
       Ration            |       |       |       |     1 ||     1
Armor: Robe              |    20 |       |       |       ||    20
       Ring mail         |       |    86 |   112 |    39 ||   237
       Skin              |       |       |       |    32 ||    32
Dodge: Dodged            |    59 |   135 |   136 |   102 ||   432
Block: Other             |       |       |    78 |    30 ||   108
       Reflection        |       |       |     2 |     3 ||     5
